 Dungeon Crawl Stone Soup version bcrawl-1.31.4 (webtiles) character file.

Game seed: 2595113707581029449

324832 Morbidden the Fighter (level 10, -4/64 HPs)
             Began as a Twilight Stalker Archaeologist on June 12, 2021.
             Was a Follower of Cheibriados.
             Slain by a yak (6 damage)
             ... on level 8 of the Dungeon.
             The game lasted 00:17:42 (6968 turns).

Morbidden the Fighter (VSAc)                        Turns: 6968, Time: 00:17:43

Health: -4/64      AC:  9    Str: 19    XL:     10   Next: 28%
Magic:  17/17      EV: 17    Int: 16    God:    Cheibriados [*.....]
Gold:   565        SH:  3    Dex: 22    Spells: 16/17 levels left

rFire    . . .     SeeInvis .   a - +1 scimitar
rCold    . . .     Gourm    .   (no shield)
rNeg     . . .     Faith    .   n - +0 troll leather armour
rPois    +         Spirit   .   d - +1 hat
rElec    .         Reflect  +   u - +0 cloak
rCorr    .         Harm     .   D - +0 pair of gloves
MR       +....                  o - +1 pair of boots
Stlth    +++++.....             s - +2 amulet of reflection
HPRegen  1.00/turn              h - ring "Vukerrel" {+Fly rPois Dex+7}
MPRegen  0.15/turn              (no ring)

@: very slow
A: fangs 3, talons 1, mutation resistance 1, nightstalker 1, regeneration 1, no
potion heal 3, rot immunity, subdued magic 1, draining bite, strong jaws,
assimilated armour
a: Bend Time, Renounce Religion, Evoke Flight


You were on level 8 of the Dungeon.
You worshipped Cheibriados.
Cheibriados was aware of your devotion.
You were hungry.

You visited 2 branches of the dungeon, and saw 9 of its levels.

You collected 565 gold pieces.

Inventory:

Hand Weapons
 a - a +1 scimitar (weapon)
 b - a +0 blowgun
 c - a +1 flail of crushing
 k - a +0 hunting sling
 C - a +0 falchion
Missiles
 f - 6 curare-tipped needles
 j - 255 poisoned needles
 y - 125 poisoned tomahawks (quivered)
Armour
 d - a +1 hat (worn)
 n - a +0 troll leather armour (worn)
 o - a +1 pair of boots (worn)
 u - a +0 cloak (worn)
 D - a +0 pair of gloves (worn)
Jewellery
 h - the ring "Vukerrel" (left hand) {+Fly rPois Dex+7}
   (You acquired it on level 4 of the Dungeon)

   [ring of dexterity]

   It affects your dexterity (+7).
   It protects you from poison.
   It lets you fly.
 s - a +2 amulet of reflection (around neck)
Wands
 G - a wand of paralysis (4)
Scrolls
 g - 2 scrolls of magic mapping
 i - 5 scrolls of identify
 p - a scroll of enchant weapon
 E - a scroll of remove curse
Potions
 l - 2 potions of mutation
 r - a potion of resistance {unknown}
Comestibles
 e - 11 rations {!d}
 m - 6 chunks of flesh


   Skills:
 * Level 8.0 Fighting
 * Level 3.2 Long Blades
 + Level 4.4 Maces & Flails
 + Level 0.6 Throwing
 + Level 2.5 Armour
 * Level 6.1 Dodging
 * Level 7.8 Stealth
 * Level 4.3 Spellcasting
 * Level 3.4 Conjurations
 * Level 2.2 Invocations
 + Level 0.5 Evocations


You had 16 spell levels left.
You knew the following spells:

 Your Spells              Type           Power        Failure   Level  Hunger
a - Magic Dart            Conj           ##..         3%          1    None

Your spell library contained the following spells:

 Spells                   Type           Power        Failure   Level  Hunger
 Conjure Flame            Conj/Fire      #.......     24%         3    ###....
 Blink                    Tloc           N/A          26%         2    None
 Call Imp                 Summ           #.....       26%         2    None
 Poisonous Vapours        Pois/Air       #.....       26%         2    None
 Mephitic Cloud           Conj/Pois/Air  #.......     32%         3    ###....
 Spider Form              Tmut/Pois      #..          47%         3    ###....
 Freezing Cloud           Ice/Air        #.........   100%        6    #######
 Steam Barrier            Chrm/Fire      #.........   100%        6    #######


Dungeon Overview and Level Annotations

Branches:
Dungeon (8/12)             Temple (1/1) D:6            Lair (0/6) D:7
    Orc: D:8-11

Altars:
Ashenzari
Cheibriados
Dithmenos
Elyvilon
Fedhas
Gozag
Hepliaklqana
Kikubaaqudgha
Lugonu
Makhleb
Nemelex Xobeh
Okawaru
Qazlal
Ru
Sif Muna
Trog
Uskayaw
Vehumet
Wu Jian
Xom
Yredelemnul
Zin
The Shining One

Shops:
D:6 }

Annotations:
D:2 exclusion: oklob plant
D:5 2 runed doors


Innate Abilities, Weirdness & Mutations

You have razor-sharp teeth.
You are slightly more attuned to the shadows.
Your natural rate of healing is unusually fast.
Potions cannot restore your health.
You are immune to rotting.
Your bite drains your enemy's life force.
Your bites deal extra damage.
Your stealth is less affected by armour.
You have sharp toenails.
You are somewhat resistant to further mutation.
Your spells are a little easier to cast, but a little less powerful.


Message History

Unknown command.
You barely miss the yak. Your bite misses the yak. The yak closely misses you.
The yak gores you. The yak gores you! The yak barely misses you.
You slash the yak!
The yak is moderately wounded.
You block the yak's attack. The yak gores you! The yak gores you.
The yak gores you!
* * * LOW HITPOINT WARNING * * *
Unknown command.
Unknown command.
You hit the yak. Your bite misses the yak.
The yak is severely wounded.
The yak gores you.
* * * LOW HITPOINT WARNING * * *
The yak gores you.
* * * LOW HITPOINT WARNING * * *
The yak gores you!
* * * LOW HITPOINT WARNING * * *
The yak gores you.
You die...

...............#.....#.....
................#.....#.....
....#######.....#.....#.....
#.....'.....#.....
#.....##'####.....
#.................
#.................
########Y................
#.....YY@................
#......#Y................
#......######............
#......# ...########....(
#.....Y# ...... #.....
##.....# ...... #.....
#.....##...... #.....
#............. #.....
#............. #.....


You could see 4 yaks.

Vanquished Creatures
  A death yak (D:7)
  A centaur skeleton (D:8)
  A troll (D:8)
  Sigmund (D:6)
  2 yaks
  A hornet zombie (D:5)
  An orc warrior (D:8)
  A sky beast (D:6)
  An ice beast (D:8)
  3 phantoms
  2 ogres
  2 centaurs (D:5)
  4 bullfrogs
  2 big kobolds
  A scorpion (D:5)
  5 wights (D:6)
  3 howler monkeys
  4 crimson imps
  3 jellies
  A hound (D:4)
  An orc priest (D:5)
  3 orc wizards
  5 iguanas
  3 worker ants (D:4)
  A hound zombie (D:6)
  A hound skeleton (D:6)
  A worker ant zombie (D:5)
  6 gnolls
  8 adders
  A shadow imp (D:6)
  An adder skeleton (D:6)
  3 worms
  3 dart slugs
  4 leopard geckos
  15 orcs
  4 giant cockroaches
  3 goblins
  5 hobgoblins
  16 jackals
  20 kobolds
  7 quokkas
  A ball python (D:2)
  2 bats (D:1)
  4 frilled lizards
  4 rats
  A butterfly (D:5)
163 creatures vanquished.

Notes
Turn   | Place    | Note
-------+----------+-------------------------------------------
     0 | D:1      | Morbidden the Vine Stalker Archaeologist began the quest
                  | for the Orb.
     0 | D:1      | Reached XP level 1. HP: 11/11 MP: 2/2
   352 | D:1      | Reached skill level 1 in Fighting
   352 | D:1      | Reached XP level 2. HP: 16/16 MP: 3/3
   379 | D:1      | Reached skill level 5 in Stealth
   808 | D:2      | Found a sacrificial altar of Ru.
   828 | D:2      | Found a sacrificial altar of Ru.
   937 | D:2      | Reached XP level 3. HP: 21/21 MP: 4/4
   947 | D:2      | Reached skill level 1 in Maces & Flails
  1018 | D:2      | Reached skill level 2 in Fighting
  1066 | D:2      | Found a bloodstained altar of Trog.
  1157 | D:2      | Found a blossoming altar of Fedhas.
  1611 | D:2      | Noticed an oklob plant
  2038 | D:3      | Reached XP level 4. HP: 22/27 MP: 5/5
  2051 | D:3      | Paralysed by fainting for 6 turns
  2324 | D:3      | Reached skill level 3 in Fighting
  2621 | D:4      | Noticed an ogre
  2717 | D:4      | Reached XP level 5. HP: 32/32 MP: 6/6
  2717 | D:4      | Identified a scroll of acquirement
  2717 | D:4      | Identified the +1 pair of gloves of the Alphagorgon {rCorr
                  | MP+9 Dex-5 SInv} (You acquired it on level 4 of the
                  | Dungeon)
  2717 | D:4      | Identified the ring "Vukerrel" {+Fly rPois Dex+7} (You
                  | acquired it on level 4 of the Dungeon)
  2937 | D:4      | Reached skill level 4 in Fighting
  3022 | D:4      | Gained mutation: You have razor-sharp teeth. [Vine Stalker
                  | growth]
  3022 | D:4      | Reached XP level 6. HP: 35/39 MP: 7/7
  3208 | D:4      | Reached skill level 1 in Long Blades
  3448 | D:4      | Reached skill level 5 in Fighting
  3511 | D:4      | Reached XP level 7. HP: 43/44 MP: 8/8
  3519 | D:4      | Found a hide-covered altar of Uskayaw.
  3748 | D:5      | Entered Level 5 of the Dungeon
  3824 | D:5      | Learned a level 1 spell: Magic Dart
  3871 | D:5      | Found a shimmering altar of Xom.
  4022 | D:5      | Reached skill level 6 in Fighting
  4187 | D:5      | Reached skill level 1 in Conjurations
  4187 | D:5      | Gained mutation: Your spells are a little easier to cast,
                  | but a little less powerful. [potion of mutation]
  4187 | D:5      | Gained mutation: You are somewhat resistant to further
                  | mutation. [potion of mutation]
  4187 | D:5      | Gained mutation: You have sharp toenails. [potion of
                  | mutation]
  4198 | D:5      | Reached skill level 1 in Spellcasting
  4278 | D:5      | Gained mutation: Your bite drains your enemy's life force.
                  | [Twilight Stalker growth]
  4278 | D:5      | Gained mutation: Your stealth is less affected by armour.
                  | [Twilight Stalker growth]
  4278 | D:5      | Gained mutation: You are slightly more attuned to the
                  | shadows. [Twilight Stalker growth]
  4278 | D:5      | Reached XP level 8. HP: 47/52 MP: 9/10
  4422 | D:5      | Found a stormy altar of Qazlal.
  4816 | D:5      | Found a runed door.
  4827 | D:5      | Found a runed door.
  5153 | D:6      | Reached skill level 7 in Fighting
  5170 | D:6      | Reached skill level 5 in Dodging
  5180 | D:6      | Noticed Sigmund
  5208 | D:6      | Killed Sigmund
  5209 | D:6      | Reached skill level 1 in Armour
  5209 | D:6      | Reached XP level 9. HP: 33/57 MP: 14/14
  5274 | D:6      | Found Yjutey's Gadget Boutique.
  5370 | D:6      | Found a sparkling altar of Nemelex Xobeh.
  5659 | D:6      | Found an iron altar of Okawaru.
  5779 | D:6      | Found a staircase to the Ecumenical Temple.
  5844 | Temple   | Entered the Ecumenical Temple
  6180 | Temple   | Became a worshipper of Cheibriados the Contemplative
  6244 | D:6      | Found a corrupted altar of Lugonu.
  6362 | D:7      | Noticed a death yak
  6386 | D:7      | Found a staircase to the Lair.
  6386 | D:7      | Noticed a death yak
  6386 | D:7      | Noticed a death yak
  6413 | D:7      | HP: 1/57 [death yak (19)]
  6414 | D:7      | Killed a death yak
  6415 | D:7      | Reached skill level 1 in Invocations
  6518 | D:7      | Found a basalt altar of Yredelemnul.
  6607 | D:8      | Noticed a troll
  6629 | D:8      | Killed a troll
  6630 | D:8      | Reached XP level 10. HP: 30/64 MP: 17/17
  6790 | D:8      | Reached skill level 8 in Fighting
  6813 | D:8      | Reached * piety under Cheibriados
  6843 | D:8      | Found a burning altar of Makhleb.
  6968 | D:8      | HP: 2/64 [yak (9)]
  6968 | D:8      | Slain by a yak

Skill      XL: |  1  2  3  4  5  6  7  8  9 10 |
---------------+-------------------------------+-----
Fighting       | 1 2 3 4 5 6 7 8 |  8.0
Stealth        | 5 6 7 |  7.8
Maces & Flails | 1 2 3 4 |  4.4
Dodging        | 4 5 6 |  6.1
Long Blades    | 1 2 3 |  3.2
Conjurations   | 1 3 |  3.4
Spellcasting   | 1 3 4 |  4.3
Armour         | 1 2 |  2.5
Invocations    | 1 2 |  2.2
Throwing       | |  0.6
Evocations     | |  0.5

Action                   |  1- 3 |  4- 6 |  7- 9 | 10-12 || total
-------------------------+-------+-------+-------+-------++-------
Melee: Whip              |    46 |    14 |       |       ||    60
       Bite              |     5 |    10 |    59 |    32 ||   106
       Falchion          |       |    27 |       |       ||    27
       Flail             |       |    51 |   177 |       ||   228
       Scimitar          |       |       |     7 |    61 ||    68
 Fire: Blowgun           |    80 |    62 |    55 |       ||   197
Throw: Tomahawk          |       |       |    12 |       ||    12
Evoke: Wand              |       |       |     8 |       ||     8
  Use: Scroll            |     1 |     2 |    12 |     3 ||    18
       Potion            |       |       |     9 |       ||     9
 Stab: Sleeping          |     1 |     2 |       |       ||     3
       Distracted        |       |       |     2 |       ||     2
  Eat: Chunk             |     4 |     8 |    14 |     3 ||    29
       Ration            |       |     1 |     1 |       ||     2
Armor: Robe              |    32 |    36 |     6 |       ||    74
       Chain mail        |       |       |   118 |       ||   118
       Troll leather arm |       |       |       |    21 ||    21
Dodge: Dodged            |    64 |   108 |   156 |    64 ||   392
Block: Other             |       |       |     3 |     7 ||    10
       Reflection        |       |       |     1 |       ||     1
